 Dungeon Crawl Stone Soup version 0.29-a0-284-gf9362112df (webtiles) character file.

Game seed: 15149051478674125663

135 rabbitsville the Vexing (level 5, -2/37 (40) HPs)
             Began as a Gnoll Arcane Marksman on Mar 29, 2022.
             Was a Priest of Jiyva.
             Slain by Edmund
             ... wielding a +4 dire flail of draining
              (7 damage)
             ... on level 4 of the Dungeon.
             The game lasted 00:11:11 (1956 turns).

rabbitsville the Vexing (Gnoll Arcane Marksman)     Turns: 1956, Time: 00:11:17

HP:   -2/37 (40)    AC:  3    Str: 10    XL:     5   Next: 18%
MP:   18/18         EV: 15    Int: 14    God:    Jiyva [***...]
Gold: 101           SH:  0    Dex: 14    Spells: 9/10 levels left

rFire   + . .      SeeInvis .   b - +6 club
rCold   . . .      Faith    .   (no shield)
rNeg    . . .      Spirit   .   f - +0 robe
rPois   .          Reflect  .   (helmet restricted)
rElec   .          Harm     .   (no cloak)
rCorr   +          Rampage  .   (no gloves)
Will    .....                   (no boots)
Stlth   ++........              (no amulet)
HPRegen 1.24/turn               e - ring of magical power
MPRegen 0.51/turn               (no ring)

@: drained
A: fangs 1, strong nose, distributed training, antennae 1, clever 1, fire
resistance 1, gelatinous body 1, MP-powered wands
a: Renounce Religion, Oozemancy


You were on level 4 of the Dungeon.
You worshipped Jiyva.
Jiyva was most pleased with you.
You visited 1 branch of the dungeon, and saw 4 of its levels.

You collected 101 gold pieces.

Inventory:

Hand Weapons
 a - a +0 shortbow
 b - a +6 club (weapon)
 k - a +1 dagger of speed
Armour
 f - a +0 robe (worn)
 l - a +0 helmet
Jewellery
 d - a ring of ice
 e - a ring of magical power (left hand)
Scrolls
 c - a scroll of vulnerability
 g - a scroll of identify {unknown}
 n - a scroll of immolation {unknown}
Potions
 h - a potion of haste {unknown}
 i - 2 potions of mutation
 j - a potion of degeneration {unknown}
 m - a potion of curing {unknown}


   Skills:
 + Level 2.9 Fighting
 + Level 1.4 Short Blades
 + Level 1.4 Long Blades
 + Level 1.4 Axes
 + Level 1.4 Maces & Flails
 + Level 1.4 Polearms
 + Level 1.4 Staves
 + Level 1.4 Slings
 + Level 4.7 Bows
 + Level 1.4 Crossbows
 + Level 1.4 Throwing
 + Level 1.4 Armour
 + Level 4.7 Dodging
 + Level 1.4 Stealth
 + Level 1.4 Shields
 + Level 1.4 Unarmed Combat
 + Level 3.1 Spellcasting
 + Level 1.1 Conjurations
 + Level 5.5 Hexes
 + Level 1.1 Summonings
 + Level 1.1 Necromancy
 + Level 1.1 Translocations
 + Level 1.1 Transmutations
 + Level 1.1 Fire Magic
 + Level 1.1 Ice Magic
 + Level 1.1 Air Magic
 + Level 1.1 Earth Magic
 + Level 1.1 Poison Magic
 + Level 1.5 Invocations
 + Level 1.4 Evocations


You had 9 spell levels left.
You knew the following spells:

 Your Spells              Type           Power      Damage    Failure   Level
a - Slow                  Hex            68%        N/A       2%          1

Your spell library contained the following spells:

 Spells                   Type           Power      Damage    Failure   Level
 Tukima's Dance           Hex            17%        N/A       7%          3
 Inner Flame              Hex/Fire       11%        N/A       16%         3
 Portal Projectile        Hex/Tloc       22%        N/A       16%         3
 Cause Fear               Hex            8%         N/A       22%         4
 Passage of Golubria      Tloc           5%         N/A       78%         4
 Yara's Violent Unravell  Hex/Tmut       5%         3d4       83%         5


Dungeon Overview and Level Annotations

Branches:
Dungeon (4/15)
 Temple: D:4-7

Altars:
Jiyva

Annotations:
D:3 Terence
D:4 exclusion: ogre, Edmund


Innate Abilities, Weirdness & Mutations

You have very sharp teeth.
Your uncanny sense of smell can sniff out nearby items.
Your experience applies equally to all skills.
You have a pair of small antennae on your head.
Your mind is acute. (Int +2)
Your flesh is heat resistant. (rF+)
Your rubbery body absorbs attacks. (AC +1, EV +1)
You expend magic power (3 MP) to strengthen your wands.


Message History

The arrow hits Edmund but does no damage.
Edmund is lightly wounded.
Shoot: a) +0 shortbow
Press: ? - help, Q - select action, (/) - cycle Shift-Dir - straight line, f/p - Edmund
Aim: Edmund, wielding a +4 dire flail of draining and wearing a +0 chain mail (lightly wounded, 69% to hit)
You shoot an arrow. The arrow hits Edmund.
Edmund is lightly wounded.
Shoot: a) +0 shortbow
Press: ? - help, Q - select action, (/) - cycle Shift-Dir - straight line, f/p - Edmund
Aim: Edmund, wielding a +4 dire flail of draining and wearing a +0 chain mail (lightly wounded, 69% to hit)
You shoot an arrow. The arrow hits Edmund.
Edmund is lightly wounded.
Shoot: a) +0 shortbow
Press: ? - help, Q - select action, (/) - cycle Shift-Dir - straight line, f/p - Edmund
Aim: Edmund, wielding a +4 dire flail of draining and wearing a +0 chain mail (lightly wounded, 69% to hit)
You shoot an arrow. The arrow barely misses Edmund.
Shoot: a) +0 shortbow
Press: ? - help, Q - select action, (/) - cycle Shift-Dir - straight line, f/p - Edmund
Aim: Edmund, wielding a +4 dire flail of draining and wearing a +0 chain mail (lightly wounded, 69% to hit)
You shoot an arrow. The arrow closely misses Edmund.
b - a +6 club (weapon)
Edmund completely misses you.
You closely miss Edmund. You punch Edmund.
Edmund is moderately wounded.
Edmund hits you with a +4 dire flail of draining!!
You feel drained.
You hit Edmund but do no damage.
Edmund is moderately wounded.
Edmund hits you with a +4 dire flail of draining!
* * * LOW HITPOINT WARNING * * *
You feel drained.
* * * LOW HITPOINT WARNING * * *
It was a potion of mutation.
You feel extremely strange.
Your talons look more like feet. x2; Your talons dull and shrink into feet.
A pair of antennae grows on your head!
Your +0 helmet falls away!
You feel your magical essence link to the dungeon's wands.
You feel resistant to heat.
You feel clever.
Edmund hits you with a +4 dire flail of draining!
You die...

#.......## # #.......#
# #######.......###
#...............###
#######...........####
#......##......##
##..#...#####.<..
####.###...## ###..
#.@..# ###..### ##.
#..##@.## ##...####.
#.# #...# ##...#... #.
##..# ###..... ##.#
##..#.. #.## #...##.
#..# #..#... ##.###
##..>...
##...###....###


You could see Edmund.

Vanquished Creatures
  An orc priest (D:4)
  Robin (D:1)
  3 adders
  A gnoll (D:2)
  2 worms
  An orc (D:4)
  A giant cockroach (D:2)
  9 hobgoblins
  4 jackals (D:1)
  3 quokkas
  4 ball pythons (D:2)
  3 bats
  A frilled lizard (D:2)
  8 goblins
  5 kobolds
  3 rats
50 creatures vanquished.

Vanquished Creatures (others)
  A jelly (D:4)
  A worm (D:4)
  A dart slug (D:1)
  2 endoplasms
  An orc (D:3)
  A ball python (D:2)
  3 goblins
  A quokka (D:1)
  2 rats
  2 fungi (D:1)
  6 plants (D:1)
21 creatures vanquished.

Grand Total: 71 creatures vanquished

Notes
Turn   | Place    | Note
-------+----------+-------------------------------------------
     0 | D:1      | rabbitsville the Gnoll Arcane Marksman began the quest for
                  | the Orb.
     0 | D:1      | Reached XP level 1. HP: 17/17 MP: 4/4
    23 | D:1      | Found a faded altar of an unknown god.
    52 | D:1      | Prayed at the altar of an unknown god.
    52 | D:1      | Became a worshipper of Jiyva Jeepp the Shapeless
    52 | D:1      | Reached * piety under Jiyva
   166 | D:1      | Reached XP level 2. HP: 23/23 MP: 5/5
   665 | D:2      | Noticed Robin
   717 | D:2      | Reached XP level 3. HP: 23/28 MP: 7/7
   755 | D:1      | Killed Robin
   756 | D:1      | Reached skill level 1 in Invocations
   933 | D:2      | Reached ** piety under Jiyva
   960 | D:2      | Reached skill level 1 in Short Blades
   960 | D:2      | Reached skill level 1 in Long Blades
   960 | D:2      | Reached skill level 1 in Axes
   960 | D:2      | Reached skill level 1 in Maces & Flails
   960 | D:2      | Reached skill level 1 in Polearms
   960 | D:2      | Reached skill level 1 in Staves
   960 | D:2      | Reached skill level 1 in Slings
   960 | D:2      | Reached skill level 1 in Crossbows
   960 | D:2      | Reached skill level 1 in Throwing
   960 | D:2      | Reached skill level 1 in Armour
   960 | D:2      | Reached skill level 1 in Stealth
   960 | D:2      | Reached skill level 1 in Shields
   960 | D:2      | Reached skill level 1 in Unarmed Combat
   960 | D:2      | Reached skill level 1 in Evocations
   960 | D:2      | Reached XP level 4. HP: 33/34 MP: 8/8
  1515 | D:3      | Noticed an orc warrior
  1516 | D:3      | Noticed Terence
  1542 | D:2      | Reached skill level 1 in Conjurations
  1542 | D:2      | Reached skill level 1 in Summonings
  1542 | D:2      | Reached skill level 1 in Necromancy
  1542 | D:2      | Reached skill level 1 in Translocations
  1542 | D:2      | Reached skill level 1 in Transmutations
  1542 | D:2      | Reached skill level 1 in Fire Magic
  1542 | D:2      | Reached skill level 1 in Ice Magic
  1542 | D:2      | Reached skill level 1 in Air Magic
  1542 | D:2      | Reached skill level 1 in Earth Magic
  1542 | D:2      | Reached skill level 1 in Poison Magic
  1577 | D:4      | Reached *** piety under Jiyva
  1581 | D:4      | Gained mutation: You have sharp toenails. [Jiyva's grace]
  1581 | D:4      | Gained mutation: You have razor-sharp toenails. [Jiyva's
                  | grace]
  1581 | D:4      | Gained mutation: You have claws for feet. [Jiyva's grace]
  1581 | D:4      | Gained mutation: Your rubbery body absorbs attacks. (AC +1,
                  | EV +1) [Jiyva's grace]
  1618 | D:4      | Reached XP level 5. HP: 40/40 MP: 9/9
  1619 | D:4      | Noticed an ogre
  1947 | D:4      | Noticed Edmund
  1956 | D:4      | Lost mutation: You have claws for feet. [potion of
                  | mutation]
  1956 | D:4      | Lost mutation: You have razor-sharp toenails. [potion of
                  | mutation]
  1956 | D:4      | Lost mutation: You have sharp toenails. [potion of
                  | mutation]
  1956 | D:4      | Gained mutation: You have a pair of small antennae on your
                  | head. [potion of mutation]
  1956 | D:4      | Gained mutation: You expend magic power (3 MP) to
                  | strengthen your wands. [potion of mutation]
  1956 | D:4      | Gained mutation: Your flesh is heat resistant. (rF+)
                  | [potion of mutation]
  1956 | D:4      | Gained mutation: Your mind is acute. (Int +2) [potion of
                  | mutation]
  1956 | D:4      | Slain by Edmund

Illustrated notes

Levels and vault maps discovered:
D:1:      mrwooster_arrival_statue_3, layout_rooms,
          dreamdust_ecumenical_altar_grove, minmay_hedge_maze,
          hangedman_abyss_or_decor_lesser_grid, nrook_uturn,
          minmay_misc_feat_more_columns
D:2:      layout_loops_ring, uniq_robin
D:3:      layout_rooms, serial_shops, shop, uniq_terence
D:4:      layout_layer_cave, uniq_edmund, uniq_eustachio

Skill      XL: |  1  2  3  4 |
---------------+-------------+-----
Invocations    | 1 |  1.5
Short Blades   | 1 |  1.4
Long Blades    | 1 |  1.4
Axes           | 1 |  1.4
Maces & Flails | 1 |  1.4
Polearms       | 1 |  1.4
Staves         | 1 |  1.4
Slings         | 1 |  1.4
Crossbows      | 1 |  1.4
Throwing       | 1 |  1.4
Armour         | 1 |  1.4
Stealth        | 1 |  1.4
Shields        | 1 |  1.4
Unarmed Combat | 1 |  1.4
Evocations     | 1 |  1.4
Spellcasting   | 3 |  3.1
Conjurations   | 1 |  1.1
Summonings     | 1 |  1.1
Necromancy     | 1 |  1.1
Translocations | 1 |  1.1
Transmutations | 1 |  1.1
Fire Magic     | 1 |  1.1
Ice Magic      | 1 |  1.1
Air Magic      | 1 |  1.1
Earth Magic    | 1 |  1.1
Poison Magic   | 1 |  1.1
Fighting       | |  2.9
Bows           | |  4.7
Dodging        | |  4.7
Hexes          | |  5.5

Action                   |  1- 3 |  4- 6 || total
-------------------------+-------+-------++-------
Melee: Dagger            |    53 |       ||    53
       Bite              |     5 |     2 ||     7
       Club              |    23 |    26 ||    49
       Punch             |     1 |     1 ||     2
       Kick              |       |     2 ||     2
 Fire: Shortbow          |    65 |    40 ||   105
 Cast: Slow              |     1 |       ||     1
  Use: Potion            |       |     1 ||     1
 Stab: Sleeping          |     1 |       ||     1
Armor: Robe              |     8 |     6 ||    14
Dodge: Dodged            |    66 |    24 ||    90

Table legend: (Time is in decaauts)
 A = Elapsed time spent in this place.
 B = Non-inter-level travel time spent in this place.
 C = Inter-level travel time spent in this place.
 D = Time resting spent in this place.
 E = Time spent auto-exploring this place.
 F = Levels seen in this place.
 G = Mean time per level.
                   A        B        C        D        E       F      G
               +--------+--------+--------+--------+--------+-----+--------+
         Total |   1968 |   1857 |    111 |      5 |   1086 |   4 |  492.0 |
       Dungeon |   1968 |   1857 |    111 |      5 |   1086 |   4 |  492.0 |
               +--------+--------+--------+--------+--------+-----+--------+

Top non-repeatable levels by time:
     D:1: 766 daAuts
     D:2: 764 daAuts
     D:4: 385 daAuts
     D:3: 52 daAuts
